 Dungeon Crawl Stone Soup version 0.22.0-49-gab54619 (webtiles) character file.

73612 dvd the Summoner (level 15, 0/107 HPs)
             Began as a Demonspawn Summoner on Sept 3, 2018.
             Was a High Priest of Sif Muna.
             Slain by Agnes
             ... wielding a +1 lajatang of speed
              (31 damage)
             ... on level 15 of the Dungeon on Sept 4, 2018.
             The game lasted 02:58:29 (29155 turns).

dvd the Summoner (Demonspawn Summoner)             Turns: 29155, Time: 02:58:29

Health: 0/107      AC: 12    Str: 15    XL:     15   Next: 4%
Magic:  0/44       EV: 16    Int: 20    God:    Sif Muna [*****.]
Gold:   1805       SH:  6    Dex: 14    Spells: 5/36 levels left

rFire    + + .     SeeInvis .   b - +11 long sword of Wu Jian's Esteem {chaos, rPois Str+2}
rCold    + . .     Gourm    .   g - +1 buckler {rC+}
rNeg     . . .     Faith    .   Q - +4 moon troll leather armour {Spirit, Regen++ MP+5}
rPois    +         Spirit   +   J - +2 hat
rElec    +         Reflect  .   A - +0 cloak
rCorr    .         Harm     .   (gloves unavailable)
MR       +....                  (boots unavailable)
Stlth    +++++.....             (no amulet)
HPRegen  1.07/turn              X - ring of magical power
MPRegen  0.29/turn              p - ring of Kadeklage {rF++ EV+1}

@: very slightly contaminated, hasted, very quick
A: claws 3, horns 2, talons 3, demonic guardian 1, nightstalker 2, electricity
resistance, strong 1
a: Divine Energy, Channel Magic, Forget Spell, Renounce Religion


You were on level 15 of the Dungeon.
You worshipped Sif Muna.
Sif Muna was extremely pleased with you.
You were hungry.

You visited 3 branches of the dungeon, and saw 23 of its levels.
You visited 1 bazaar.
You also visited: Bailey and Ice Cave.

You collected 3021 gold pieces.
You spent 1216 gold pieces at shops.

Inventory:

Hand Weapons
 a - the +9 short sword of Riuppiuz {drain, +Rage rF+ Str-4 Dex+4}
   (You found it on level 7 of the Dungeon)

   A truly terrible weapon, it drains the life of those it strikes.
   It affects your strength (-4).
   It affects your dexterity (+4).
   It protects you from fire.
   It lets you go berserk.
 b - the +11 long sword of Wu Jian's Esteem (weapon) {chaos, rPois Str+2}
   (You found it on level 2 of the Lair of Beasts)

   Each time it hits an enemy it has a different, random effect.
   It affects your strength (+2).
   It protects you from poison.
 K - a +5 scimitar of draining
 V - a +1 scimitar of flaming
Armour
 g - a +1 buckler of cold resistance (worn)
 z - a +2 robe of resistance
 A - a +0 cloak (worn)
 H - the +6 ring mail of Autumn {rPois MR+ Regen+}
   (You found it on level 4 of the Dungeon)

   It protects you from poison.
   It affects your resistance to hostile enchantments.
   It increases your rate of regeneration.
 J - a +2 hat (worn)
 Q - the +4 moon troll leather armour (worn) {Spirit, Regen++ MP+5}
   (You found it on level 7 of the Dungeon)

   It affects your magic capacity (+5).
   It increases your rate of regeneration.
Jewellery
 p - the ring of Kadeklage (right claw) {rF++ EV+1}
   (You bought it in a shop on level 9 of the Dungeon)

   [ring of evasion]

   It affects your evasion (+1).
   It greatly protects you from fire.
 r - an uncursed ring of protection from magic
 t - an uncursed ring of resist corrosion
 M - the ring of Departure {rPois Dex+2}
   (You found it on level 13 of the Dungeon)

   [ring of poison resistance]

   It affects your dexterity (+2).
   It protects you from poison.
 N - an uncursed ring of protection from cold
 T - the ring "Jeizitoi" {Fire rElec rPois MR- Int+3}
   (You found it on level 1 of the Lair of Beasts)

   [ring of fire]

   It enhances your fire magic.
   It affects your intelligence (+3).
   It protects you from fire.
   It makes you vulnerable to cold.
   It insulates you from electricity.
   It protects you from poison.
   It affects your resistance to hostile enchantments.
 X - a ring of magical power (left claw)
Wands
 n - a wand of disintegration (25)
 q - a wand of enslavement (14)
 w - a wand of digging (7)
 y - a wand of iceblast (42)
 B - a wand of random effects (28)
 C - a wand of flame (109)
 E - a wand of acid (8)
 R - a wand of scattershot (4)
 W - a wand of clouds (7)
Scrolls
 d - a scroll of blinking
 e - 9 scrolls of remove curse
 f - a scroll of magic mapping
 h - 7 scrolls of enchant weapon
 j - 2 scrolls of fear
 l - 15 scrolls of identify
 s - 4 scrolls of amnesia
 D - a scroll of summoning
 L - 13 scrolls of teleportation
 S - 2 scrolls of fog
Potions
 i - 4 potions of haste
 k - a potion of cancellation
 m - 3 potions of resistance
 o - 3 potions of magic
 u - 7 potions of curing
 x - 5 potions of mutation
 F - 2 potions of brilliance
 G - 2 potions of agility
 I - a potion of ambrosia
 P - 2 potions of heal wounds
 U - 3 potions of flight
Comestibles
 c - 45 rations


   Skills:
 + Level 6.9 Fighting
 + Level 6.5(8.2) Short Blades
 + Level 7.4(8.6) Long Blades
   Level 0.6 Axes
 + Level 4.5 Armour
 + Level 6.1 Dodging
 + Level 7.5 Stealth
 - Level 4.0 Shields
 + Level 11.1 Spellcasting
 + Level 2.1 Conjurations
 * Level 12.7 Summonings
 * Level 1.0 Translocations
 + Level 5.2 Ice Magic
 + Level 6.9 Air Magic
 + Level 8.1 Invocations
 + Level 2.3 Evocations


You had 5 spell levels left.
You knew the following spells:

 Your Spells              Type           Power        Failure   Level  Hunger
a - Summon Small Mammal   Summ           ####         1%          1    None
b - Call Imp              Summ           ######..     1%          2    None
c - Call Canine Familiar  Summ           ######..     1%          3    None
d - Summon Lightning Spi  Summ/Air       ######..     1%          4    ##.....
e - Summon Ice Beast      Ice/Summ       #####...     1%          4    ##.....
f - Shock                 Conj/Air       ####         1%          1    None
g - Aura of Abjuration    Summ           ######....   1%          5    ####...
h - Blink                 Tloc           N/A          8%          2    None
i - Ensorcelled Hibernat  Hex/Ice        ###...       3%          2    None
j - Summon Hydra          Summ           ######....   34%         7    #######

Your spell library contained the following spells:

 Spells                   Type           Power        Failure   Level  Hunger
 Summon Butterflies       Summ           ######..     1%          1    None
 Summon Guardian Golem    Hex/Summ       #####...     1%          3    None
 Poisonous Vapours        Pois/Air       ####..       2%          2    None
 Swiftness                Chrm/Air       ####....     2%          2    None
 Magic Dart               Conj           ###.         3%          1    None
 Apportation              Tloc           ###...       4%          1    None
 Mephitic Cloud           Conj/Pois/Air  ###.....     7%          3    None
 Animate Skeleton         Necr           N/A          8%          1    None
 Beastly Appendage        Tmut           ##....       8%          1    None
 Confusing Touch          Hex            ##....       8%          1    None
 Sandblast                Erth           ##....       8%          1    None
 Passwall                 Tmut/Erth      ##......     12%         2    None
 Slow                     Hex            ##......     12%         2    None
 Sticks to Snakes         Tmut           ##......     12%         2    None
 Conjure Flame            Conj/Fire      ###.....     14%         3    None
 Stone Arrow              Conj/Erth      ###...       14%         3    None
 Spider Form              Tmut/Pois      ##........   22%         3    None
 Ice Form                 Ice/Tmut       ###.....     26%         4    ##.....
 Passage of Golubria      Tloc           N/A          45%         4    ##.....
 Silence                  Hex/Air        ####......   45%         5    ####...
 Metabolic Englaciation   Hex/Ice        ###.......   56%         5    ####...
 Petrify                  Tmut/Erth      ##......     58%         4    ##.....
 Iskenderun's Battlesphe  Conj/Chrm      ###.....     80%         5    ####...
 Venom Bolt               Conj/Pois      ###.......   80%         5    ####...
 Bolt of Magma            Conj/Fire/Erth ##........   85%         5    ####...
 Blade Hands              Tmut           ##........   91%         5    ####...
 Borgnjor's Vile Clutch   Necr/Erth      ##........   91%         5    ####...
 Lee's Rapid Deconstruct  Erth           ##........   91%         5    ####...
 Shadow Creatures         Summ           N/A          6%          6    ######.
 Summon Greater Demon     Summ           ######....   34%         7    #######
 Ozocubu's Refrigeration  Ice            ####......   80%         6    ######.
 Freezing Cloud           Conj/Ice/Air   ####......   86%         6    ######.
 Bolt of Cold             Conj/Ice       ####......   95%         6    ######.
 Spellforged Servitor     Conj/Summ      #####.....   97%         7    #######
 Simulacrum               Ice/Necr       ###.......   98%         6    ######.
 Malign Gateway           Summ/Tloc      #####.....   98%         7    #######
 Darkness                 Hex            ##........   100%        6    ######.
 Iron Shot                Conj/Erth      ###.......   100%        6    ######.
 Orb of Destruction       Conj           ###.......   100%        7    #######
 Ring of Flames           Chrm/Fire      ##........   100%        7    #######


Dungeon Overview and Level Annotations

Branches:
Dungeon (15/15)            Temple (0/1) D:5            Lair (6/6) D:9
  Swamp (0/4) Lair:4        Snake (0/4) Lair:2        Slime (0/5) Lair:6
    Orc (2/2) D:10            Elf (0/3) Orc:2        Vaults (0/5) D:13
 Depths: D:15

Altars:
Cheibriados
Dithmenos
Gozag
Kikubaaqudgha
Nemelex Xobeh
Ru
Sif Muna
Trog
Uskayaw
Yredelemnul
Zin
The Shining One
Beogh
Jiyva

Shops:
D:4 }   D:8 =   D:9 =   D:10 (   Orc:1 =   Orc:2 !?

Annotations:
D:7 1 runed door
D:15 Agnes
Lair:1 Veehecw's ghost, journeyman NaGl


Innate Abilities, Weirdness & Mutations

You have claws for hands.
You have a pair of horns on your head.
You have claws for feet.
A weak demonic guardian rushes to your aid.
You are significantly more attuned to the shadows.
You are resistant to electric shocks. (rElec)
Your muscles are strong. (Str +2)


Message History

As you read the scroll of blinking, it crumbles to dust.
You hear a shout!
Unknown command.
The wizard's eyes start to glow.
The wizard casts a spell.
The wizard blinks!
You hear a shout! x2
You hear a shout!
You hear a shout!
Something hits you!
* * * LOW HITPOINT WARNING * * *
There is a stone staircase leading up, spattered with blood here.
Unknown command.
You feel much better. Something completely misses you. Something hits you!!
* * * LOW HITPOINT WARNING * * *
Unknown command.
You feel much better. Something hits you!
* * * LOW HITPOINT WARNING * * *
Something hits you!!
You die...

#............'.....)...
#...<........#.........
+.....)......#...###...
#.....##.....#........
##....##.....#........
##(..........#........
.............#........
.............#..{.....
......)......#..@.....
.............'........
.............#........
.............#........
#####+########........
......... .i...


There were no monsters in sight!

Vanquished Creatures
  A frost giant (IceCv)
  Azrael (D:14)
  An ettin (Orc:1)
  3 hydras
  An ice dragon (Lair:4)
  A dancing weapon (D:13)
  4 two-headed ogres
  3 tengu warriors (D:14)
  5 death yaks
  4 orc high priests (Orc:2)
  A sun demon (Orc:1)
  3 unseen horrors
  A cyclops (D:13)
  An orc knight (Orc:1)
  6 ugly things
  A deep elf mage (D:14)
  5 elephants
  A guardian serpent (Lair:2)
  3 black mambas
  An ice statue (IceCv)
  5 spiny frogs
  2 gargoyles
  5 centaur skeletons
  2 torpor snails (Lair:6)
  5 rime drakes
  3 komodo dragons
  6 polar bears (IceCv)
  A troll (Orc:2)
  4 hornets (Lair:6)
  6 blink frogs
  3 slime creatures (D:12)
  A dream sheep (Lair:6)
  7 hippogriffs
  A shadow (D:14)
  A meliai zombie (D:13)
  32 yaks
  A vampire (D:11)
  A wyvern (D:14)
  3 water elementals
  2 fire elementals (D:14)
  A hungry ghost (D:13)
  Menkaure (D:7)
  A warg (Orc:1)
  A soldier ant (D:12)
  5 porcupines
  A hell hound (D:14)
  7 water moccasins
  3 eyes of draining
  5 ice beasts
  2 sky beasts
  A black bear (D:6)
  24 orc warriors
  5 ogres
  A phantom (D:14)
  2 hornet zombies
  12 wolves
  8 centaurs
  6 crocodiles
  12 bullfrogs
  Dowan (D:7)
  A wyvern skeleton (D:14)
  A scorpion (D:13)
  3 wights (D:9)
  2 killer bees
  3 howler monkeys
  4 electric eels
  4 crimson imps
  A bullfrog zombie (D:11)
  A human zombie (D:4)
  4 centaur zombies
  13 orc priests
  4 hounds
  A bullfrog skeleton (D:12)
  5 iguanas
  Jessica (D:2)
  6 worker ants
  15 orc wizards
  2 hound skeletons
  2 gnolls
  5 adders
  A crocodile simulacrum (Lair:1)
  5 white imps
  2 oozes
  2 adder skeletons (D:4)
  A worm (D:5)
  3 dart slugs
  3 leopard geckos
  48 orcs
  4 bats
  2 giant cockroaches
  3 goblins
  3 hobgoblins
  8 jackals
  8 quokkas
  A ball python (D:5)
  A ball python zombie (D:5)
  2 frilled lizards
  2 jackal skeletons
  A jackal zombie (D:9)
  2 kobolds (D:3)
  A quokka skeleton (D:6)
  6 rats
424 creatures vanquished.

Vanquished Creatures (collateral kills)
  A fire dragon (Lair:6)
  An ice dragon (Lair:1)
  5 hydras
  The ghost of p0werm0de the Thaumaturge, a journeyman GnWz of Cheibriados (Orc:2)
  A dancing weapon (D:13)
  6 death yaks
  2 two-headed ogres
  Urug (D:12)
  An orc high priest (Orc:2)
  2 fire crabs
  An unseen horror (D:12)
  The ghost of feelmyfire the Cleaver, a novice HOAK of Lugonu (D:5)
  A lindwurm (Lair:6)
  4 orc knights
  6 orc sorcerers
  An ugly thing (D:14)
  A deep elf mage (D:12)
  A manticore (D:14)
  A rust devil (Orc:2)
  3 elephants
  An orange demon (Orc:2)
  A black mamba (Lair:4)
  3 torpor snails (Lair:6)
  3 spiny frogs
  2 rime drakes (Lair:6)
  5 komodo dragons
  A yaktaur (Orc:2)
  An efreet (D:14)
  3 trolls
  4 hornets (Lair:6)
  5 polar bears (IceCv)
  4 hippogriffs
  4 tyrant leeches (Lair:6)
  A slime creature (D:12)
  3 dream sheep (Lair:6)
  7 blink frogs
  A spriggan (D:7)
  13 yaks
  Eustachio (D:6)
  3 basilisks
  A hungry ghost (D:9)
  3 neqoxecs (Orc:2)
  An acid dragon (D:13)
  Duvessa (D:7)
  2 hell hounds (D:14)
  5 water moccasins
  A porcupine (Lair:5)
  A sky beast (D:7)
  A black bear (D:12)
  25 orc warriors
  A black mamba simulacrum (Lair:1)
  16 wolves
  6 ogres
  7 centaurs
  A big kobold (D:12)
  2 crocodiles
  4 bullfrogs
  A gnoll sergeant (D:7)
  A blink frog simulacrum (Lair:1)
  3 killer bees (D:10)
  7 wights
  A howler monkey (D:14)
  2 electric eels
  3 crimson imps
  A quasit (D:7)
  A hippogriff simulacrum (Lair:1)
  2 jellies
  10 orc wizards
  16 orc priests
  A water moccasin simulacrum (Lair:1)
  Crazy Yiuf (D:2)
  4 iguanas
  7 worker ants
  A porcupine simulacrum (Lair:1)
  4 gnolls
  3 adders
  A shadow imp (D:5)
  8 white imps (Lair:1)
  3 adder skeletons
  2 worms
  A dart slug (D:2)
  5 leopard geckos
  62 orcs
  A ball python (D:3)
  4 giant cockroaches
  3 goblins (D:1)
  5 hobgoblins
  A jackal (D:8)
  6 kobolds
  A quokka (D:9)
  4 bats
  A frilled lizard (D:3)
  3 rats
  A plant (Lair:6)
366 creatures vanquished.

Vanquished Creatures (others)
  An orc wizard (Orc:2)
  8 plants (Lair:6)
9 creatures vanquished.

Grand Total: 799 creatures vanquished

Notes
Turn   | Place    | Note
-------+----------+-------------------------------------------
     0 | D:1      | dvd the Demonspawn Summoner began the quest for the Orb.
     0 | D:1      | Reached XP level 1. HP: 13/13 MP: 3/3
   483 | D:1      | Gained mutation: You have sharp fingernails. [demonic
                  | ancestry]
   483 | D:1      | Reached XP level 2. HP: 15/19 MP: 0/5
   492 | D:1      | Learned a level 2 spell: Call Imp
  1319 | D:2      | Gained mutation: You have very sharp fingernails. [demonic
                  | ancestry]
  1319 | D:2      | Reached XP level 3. HP: 19/24 MP: 3/6
  1498 | D:2      | Found an opulent altar of Gozag.
  1527 | D:2      | Found a runed door.
  1531 | D:2      | Noticed Crazy Yiuf
  1547 | D:2      | HP: 1/24 [Crazy Yiuf/quarterstaff of chaos (1)]
  1577 | D:3      | HP: 1/24 [rat (2)]
  1867 | D:3      | Found a hide-covered altar of Uskayaw.
  1887 | D:3      | Found a glowing silver altar of Zin.
  1907 | D:3      | Found a glowing golden altar of the Shining One.
  2275 | D:3      | Found a sacrificial altar of Ru.
  2352 | D:3      | Found a bloodstained altar of Trog.
  2353 | D:3      | Gained mutation: You have a pair of small horns on your
                  | head. [demonic ancestry]
  2353 | D:3      | Reached XP level 4. HP: 30/30 MP: 5/7
  2451 | D:3      | Found a shadowy altar of Dithmenos.
  2514 | D:3      | Learned a level 3 spell: Call Canine Familiar
  2810 | D:3      | Reached skill level 1 in Long Blades
  2963 | D:3      | Gained mutation: You are slightly more attuned to the
                  | shadows. [demonic ancestry]
  2963 | D:3      | Reached XP level 5. HP: 27/36 MP: 6/9
  2999 | D:3      | Found a faded altar of an unknown god.
  3006 | D:3      | Became a worshipper of Sif Muna the Loreminder
  3006 | D:3      | Reached * piety under Sif Muna
  3052 | D:3      | Reached skill level 5 in Summonings
  3256 | D:2      | Noticed Jessica
  3266 | D:2      | Killed Jessica
  3380 | D:2      | Found a sparkling altar of Nemelex Xobeh.
  3538 | D:2      | Killed Crazy Yiuf
  3697 | D:4      | Found Xemih's Gadget Shop.
  3710 | D:4      | You fall through a shaft for 3 floors!
  3710 | D:7      | Found a basalt altar of Yredelemnul.
  3710 | D:7      | Found the +4 moon troll leather armour {Spirit, Regen++
                  | MP+5}
  3710 | D:7      | Noticed a sky beast
  3760 | D:7      | Found a transporter.
  3765 | D:7      | Found a transporter.
  3857 | D:7      | Noticed Duvessa
  3857 | D:7      | Noticed Dowan
  3877 | D:7      | HP: 1/36 [Dowan/wand of flame (29) (5)]
  3883 | D:7      | Killed Duvessa
  3887 | D:7      | Killed Dowan
  3887 | D:7      | Reached XP level 6. HP: 10/42 MP: 0/10
  3930 | D:7      | Noticed a hippogriff
  4234 | D:5      | Entered Level 5 of the Dungeon
  4286 | D:5      | Reached skill level 1 in Fighting
  4292 | D:5      | Found a staircase to the Ecumenical Temple.
  4721 | D:5      | Noticed feelmyfire's ghost (novice HOAK)
  4816 | D:4      | Gained mutation: You have sharp toenails. [demonic
                  | ancestry]
  4816 | D:4      | Reached XP level 7. HP: 17/48 MP: 5/12
  5036 | D:4      | Reached ** piety under Sif Muna
  5092 | D:4      | Got an encrusted ring mail
  5108 | D:4      | Identified the +6 ring mail of Autumn {rPois MR+ Regen+}
                  | (You found it on level 4 of the Dungeon)
  5188 | D:4      | Learned a level 4 spell: Summon Lightning Spire
  5418 | D:4      | Reached skill level 1 in Short Blades
  5743 | D:5      | Found a transporter.
  6014 | D:5      | Found a transporter.
  6223 | D:6      | Reached skill level 6 in Summonings
  6252 | D:6      | Learned a level 4 spell: Summon Ice Beast
  6299 | D:6      | Reached skill level 1 in Air Magic
  6458 | D:6      | Found a snail-covered altar of Cheibriados.
  6491 | D:6      | Noticed Eustachio
  6519 | D:6      | Killed Eustachio
  6519 | D:6      | Reached skill level 1 in Armour
  6888 | D:6      | Killed a hippogriff
  6888 | D:6      | Gained mutation: A weak demonic guardian rushes to your
                  | aid. [demonic ancestry]
  6888 | D:6      | Reached XP level 8. HP: 35/56 MP: 2/15
  7124 | D:7      | Found an ancient bone altar of Kikubaaqudgha.
  7139 | D:7      | Noticed Menkaure
  7161 | D:7      | Killed Menkaure
  7171 | D:7      | Got a dazzling short sword
  7363 | D:7      | Identified the +9 short sword of Riuppiuz {drain, +Rage rF+
                  | Str-4 Dex+4} (You found it on level 7 of the Dungeon)
  7372 | D:7      | Reached skill level 1 in Ice Magic
  7379 | D:7      | Noticed a sixfirhy
  7380 | D:7      | Found a runed door.
  7408 | D:7      | Reached skill level 5 in Spellcasting
  7488 | D:7      | Reached *** piety under Sif Muna
  7847 | D:8      | Noticed a hippogriff
  7857 | D:8      | Killed a hippogriff
  7870 | D:8      | Found Netelury's Jewellery Shop.
  8036 | D:8      | Reached skill level 7 in Summonings
  8062 | D:8      | Gained mutation: You are significantly more attuned to the
                  | shadows. [demonic ancestry]
  8062 | D:8      | Reached XP level 9. HP: 62/62 MP: 17/17
  8867 | D:5      | Killed feelmyfire's ghost
  9028 | D:9      | Found Eneseq's Jewellery Shoppe.
  9302 | D:9      | Reached **** piety under Sif Muna
  9314 | D:9      | Reached skill level 1 in Shields
  9350 | D:9      | Noticed a troll
  9354 | D:9      | Noticed a death yak
  9644 | D:9      | Found a staircase to the Lair.
  9730 | D:9      | Noticed a two-headed ogre
  9737 | D:9      | Killed a two-headed ogre
  9737 | D:9      | Gained mutation: You have claws for hands. [demonic
                  | ancestry]
  9737 | D:9      | Reached XP level 10. HP: 70/70 MP: 12/19
  9935 | D:9      | Noticed a death yak
  9937 | D:9      | Noticed a death yak
  9942 | D:9      | Killed a death yak
  9942 | D:9      | Reached skill level 8 in Summonings
  9946 | D:9      | Killed a death yak
  9975 | D:10     | Entered Level 10 of the Dungeon
 10212 | D:10     | Reached skill level 1 in Invocations
 10348 | D:10     | Killed an unseen horror
 10565 | D:10     | Found Unow's Antique Weapon Shoppe.
 10606 | D:10     | Noticed a gargoyle
 10618 | D:10     | Killed a gargoyle
 10641 | D:10     | Reached skill level 5 in Short Blades
 10677 | D:10     | Found a staircase to the Orcish Mines.
 11277 | Lair:1   | Entered Level 1 of the Lair of Beasts
 11284 | Lair:1   | Noticed a five-headed hydra
 11294 | Lair:1   | Killed a five-headed hydra
 11420 | Lair:1   | Gained mutation: You have razor-sharp toenails. [demonic
                  | ancestry]
 11420 | Lair:1   | Reached XP level 11. HP: 68/77 MP: 21/21
 11488 | Lair:1   | Found a runed gate.
 11488 | Lair:1   | Found a runed gate.
 11489 | Lair:1   | Found a runed gate.
 11516 | Lair:1   | Noticed a four-headed hydra
 11522 | Lair:1   | Killed a four-headed hydra
 11594 | Lair:1   | Reached ***** piety under Sif Muna
 11630 | Lair:1   | Found a frozen archway.
 11789 | IceCv    | Entered an ice cave
 11990 | IceCv    | Reached skill level 5 in Invocations
 12039 | IceCv    | Reached skill level 5 in Stealth
 12343 | IceCv    | Identified Sif Muna's Catalogue of Aerial Creation (Sif
                  | Muna gifted it to you in an ice cave)
 12343 | IceCv    | Received a gift from Sif Muna
 12381 | IceCv    | Learned a level 1 spell: Shock
 12746 | IceCv    | Reached skill level 1 in Evocations
 12765 | IceCv    | Noticed a death yak
 12805 | IceCv    | Reached skill level 5 in Air Magic
 12806 | IceCv    | Killed a death yak
 12806 | IceCv    | Reached skill level 9 in Summonings
 12860 | IceCv    | Noticed a death yak
 12860 | IceCv    | Noticed a death yak
 12860 | IceCv    | Noticed a frost giant
 12862 | IceCv    | Gained mutation: Your muscles are strong. (Str +2) [potion
                  | of mutation]
 12862 | IceCv    | Gained mutation: You have a pair of horns on your head.
                  | [potion of mutation]
 12862 | IceCv    | Gained mutation: You are resistant to electric shocks.
                  | (rElec) [potion of mutation]
 13198 | IceCv    | Killed a frost giant
 13198 | IceCv    | Reached XP level 12. HP: 51/85 MP: 13/23
 13224 | IceCv    | Killed a death yak
 13230 | IceCv    | Killed a death yak
 13542 | Lair:1   | Noticed an ice dragon
 13554 | Lair:1   | Noticed Veehecw's ghost (journeyman NaGl)
 14195 | Lair:1   | Killed an ice dragon
 14248 | Lair:1   | Got the ring "Jeizitoi" {Fire}
 14259 | Lair:1   | Identified the ring "Jeizitoi" {Fire rElec rPois MR- Int+3}
                  | (You found it on level 1 of the Lair of Beasts)
 14789 | Lair:2   | Found a staircase to the Snake Pit.
 14831 | Lair:2   | Reached skill level 5 in Fighting
 14831 | Lair:2   | Reached skill level 5 in Dodging
 15098 | Lair:2   | Got a slimy long sword
 15099 | Lair:2   | Identified the +11 long sword of Wu Jian's Esteem {chaos,
                  | rPois Str+2} (You found it on level 2 of the Lair of
                  | Beasts)
 15815 | Lair:3   | Noticed a four-headed hydra
 15825 | Lair:3   | Killed a four-headed hydra
 16471 | Lair:4   | Reached skill level 1 in Conjurations
 16592 | Lair:4   | Identified Pipypp's Collected Works on Quantum Companions
                  | (Sif Muna gifted it to you on level 4 of the Lair of
                  | Beasts)
 16592 | Lair:4   | Received a gift from Sif Muna
 16602 | Lair:4   | Learned a level 5 spell: Aura of Abjuration
 16649 | Lair:4   | Noticed an eight-headed hydra
 16656 | Lair:4   | Killed an eight-headed hydra
 16702 | Lair:4   | Found a staircase to the Swamp.
 17410 | Lair:4   | Noticed an ice dragon
 17434 | Lair:4   | Killed an ice dragon
 17493 | Lair:5   | Noticed a four-headed hydra
 17501 | Lair:5   | Mutation became permanent: You have a pair of small horns
                  | on your head. [demonic ancestry]
 17501 | Lair:5   | Gained mutation: You have a pair of horns on your head.
                  | [demonic ancestry]
 17501 | Lair:5   | Reached XP level 13. HP: 91/91 MP: 15/26
 17706 | Lair:5   | Reached skill level 10 in Summonings
 18236 | Lair:6   | Entered Level 6 of the Lair of Beasts
 18433 | Lair:6   | Found a runed door.
 19058 | Lair:6   | Reached skill level 5 in Long Blades
 19282 | Lair:6   | Found a viscous altar of Jiyva.
 19284 | Lair:6   | Found a staircase to the Slime Pits.
 19393 | Lair:6   | Noticed a fire dragon
 19409 | Lair:6   | Killed a fire dragon
 19938 | Lair:6   | Reached skill level 10 in Spellcasting
 19938 | Lair:6   | Reached skill level 11 in Summonings
 20426 | Orc:1    | Entered Level 1 of the Orcish Mines
 20486 | Orc:1    | Received a gift from Sif Muna
 20495 | Orc:1    | Learned a level 2 spell: Blink
 20666 | Orc:1    | Noticed an ettin
 20693 | Orc:1    | Killed an ettin
 21433 | Orc:1    | Found Bomodgh's Jewellery Boutique.
 21483 | Orc:2    | Entered Level 2 of the Orcish Mines
 21789 | Orc:2    | Found a staircase to the Elven Halls.
 21950 | Orc:2    | Found a roughly hewn altar of Beogh.
 22232 | Orc:2    | Found Abloroock's Distillery.
 22449 | Orc:2    | Gained mutation: You have claws for feet. [demonic
                  | ancestry]
 22449 | Orc:2    | Reached XP level 14. HP: 86/99 MP: 27/28
 22562 | Orc:2    | Found Zairezoj's Magic Scroll Boutique.
 22575 | Orc:2    | Bought 3 scrolls of blinking for 247 gold pieces
 23135 | Orc:2    | Found a runed door.
 23137 | Orc:2    | Noticed p0werm0de's ghost (journeyman GnWz)
 23318 | Orc:2    | Killed p0werm0de's ghost
 23318 | Orc:2    | Received a gift from Sif Muna
 23482 | Orc:2    | Reached skill level 5 in Ice Magic
 24002 | D:11     | Reached skill level 12 in Summonings
 24941 | D:12     | Found a flickering gateway to a bazaar.
 24960 | Bazaar   | Entered a bazaar
 24962 | Bazaar   | Found Waoggoxi's General Store.
 24969 | Bazaar   | Bought a potion of mutation for 80 gold pieces
 24970 | Bazaar   | Found Mekkesak's Book Emporium.
 24989 | Bazaar   | Found Leplanoe's General Store.
 24996 | Bazaar   | Found Feamp's Armour Emporium.
 25002 | Bazaar   | Bought a +1 buckler of cold resistance for 148 gold pieces
 25008 | Bazaar   | Found Kurroff's Book Emporium.
 25058 | Bazaar   | Bought an uncursed ring of resist corrosion for 200 gold
                  | pieces
 25084 | Bazaar   | Bought a scroll of summoning for 114 gold pieces
 25084 | Bazaar   | Bought a scroll of magic mapping for 42 gold pieces
 25227 | D:9      | Bought the ring of Kadeklage {rF++ EV+1} for 385 gold
                  | pieces
 25505 | D:12     | Noticed Urug
 25514 | D:12     | Killed Urug
 25667 | D:12     | Found an opulent altar of Gozag.
 26266 | D:13     | Found a flagged portal.
 26329 | Bailey   | Entered a bailey
 26382 | Bailey   | Learned a level 2 spell: Ensorcelled Hibernation
 27163 | D:13     | Found a gate to the Vaults.
 27579 | D:13     | Got a translucent platinum ring
 27581 | D:13     | Identified the ring of Departure {rPois Dex+2} (You found
                  | it on level 13 of the Dungeon)
 27820 | D:14     | Learned a level 7 spell: Summon Hydra
 27866 | D:14     | Received a gift from Sif Muna
 28572 | D:14     | Noticed Azrael
 28586 | D:14     | Killed Azrael
 28596 | D:14     | Reached XP level 15. HP: 107/107 MP: 30/30
 29032 | D:15     | Entered Level 15 of the Dungeon
 29037 | D:15     | Noticed Agnes
 29050 | D:15     | Reached skill level 1 in Translocations
 29142 | D:15     | HP: 3/107 [something (12)]
 29153 | D:15     | HP: 2/107 [something (10)]
 29155 | D:15     | Slain by Agnes

Skill      XL: |  1  2  3  4  5  6  7  8  9 10 11 12 13 14 15 |
---------------+----------------------------------------------+-----
Dodging        | 2 3 4 5 6 |  6.1
Stealth        | 2 3 4 5 6 7 |  7.5
Long Blades    | 1 2 4 5 7 |  7.4
Summonings     | 5 6 7 8 9 11 12 | 12.7
Spellcasting   | 3 4 5 6 7 9 10 11 | 11.1
Fighting       | 1 2 3 4 5 6 |  6.9
Short Blades   | 1 2 4 5 6 |  6.5
Air Magic      | 1 3 4 5 6 |  6.9
Armour         | 1 2 3 4 |  4.5
Ice Magic      | 2 3 4 5 |  5.2
Shields        | 1 2 4 |  4.0
Invocations    | 4 7 8 |  8.1
Evocations     | 1 2 |  2.3
Conjurations   | 1 2 |  2.1
Translocations | 1 |  1.0
Axes           | |  0.6

Action                   |  1- 3 |  4- 6 |  7- 9 | 10-12 | 13-15 || total
-------------------------+-------+-------+-------+-------+-------++-------
Melee: Club              |    11 |       |       |       |       ||    11
       Unarmed           |     2 |       |       |       |       ||     2
       Hand axe          |    35 |       |       |       |       ||    35
       Falchion          |    35 |    48 |       |       |       ||    83
       Headbutt          |       |    27 |    31 |    96 |   172 ||   326
       Dagger            |       |    88 |   116 |       |       ||   204
       Short sword       |       |       |   188 |   432 |    37 ||   657
       Scimitar          |       |       |       |     7 |       ||     7
       Long sword        |       |       |       |    69 |   611 ||   680
       Kick              |       |       |       |       |   128 ||   128
 Cast: Summon Small Mamm |    32 |     7 |     4 |       |       ||    43
       Call Imp          |    16 |    35 |    27 |     5 |     4 ||    87
       Call Canine Famil |       |    10 |    22 |     7 |    21 ||    60
       Summon Lightning  |       |       |    13 |    70 |   114 ||   197
       Summon Ice Beast  |       |       |     5 |    44 |   101 ||   150
       Shock             |       |       |       |    26 |   125 ||   151
       Aura of Abjuratio |       |       |       |       |    11 ||    11
       Blink             |       |       |       |       |     1 ||     1
Invok: Divine Energy     |       |     1 |       |       |     4 ||     5
       Stop Divine Energ |       |     1 |       |       |     4 ||     5
       Channel Magic     |       |       |       |     1 |     3 ||     4
Evoke: Wand              |       |       |       |    27 |    27 ||    54
  Use: Potion            |       |     4 |       |    12 |     5 ||    21
       Scroll            |       |     2 |     1 |    17 |    13 ||    33
 Stab: Sleeping          |     3 |     9 |    15 |    16 |    32 ||    75
       Distracted        |       |     1 |     2 |    14 |    14 ||    31
       Paralysed         |       |       |       |       |    10 ||    10
       Petrified         |       |       |       |       |     2 ||     2
       Confused          |       |       |       |       |     1 ||     1
  Eat: Chunk             |     6 |    10 |    21 |    29 |    48 ||   114
       Ration            |       |       |       |     3 |     1 ||     4
Armor: Robe              |    20 |    17 |       |       |       ||    37
       Ring mail         |       |       |    66 |       |       ||    66
       Troll leather arm |       |       |    58 |   164 |   173 ||   395
Dodge: Dodged            |    81 |    61 |   141 |   211 |   359 ||   853
Block: Buckler           |       |       |    20 |   167 |   212 ||   399
       Rpst.: Falchion   |     9 |    13 |       |       |       ||    22
       Scimitar          |       |       |       |     2 |       ||     2
       Long sword        |       |       |       |     9 |    79 ||    88
